Map: El Dorado

Players

llllllllllll - Winner!

  • Race: Protoss Protoss
  • League: Diamond
  • Spawn Location: 5:00

ByuN

  • Race: Terran Terran
  • League: Diamond
  • Spawn Location: 7:00

VOD

Have the link to the VOD?

Description

Time

  • Played on: April 25, 2025, 9:17 a.m.
  • Length: 3:45
Show
View Real Time Build Order
Export as new Build Order

llllllllllll Protoss - Winner!

Build Orders:  

Get SALT Encoding   

  12  0:01  Probe  
  13  0:13  Probe  
  14  0:20  Pylon  
  14  0:25  Probe  
  15  0:38  Gateway  
  15  0:42  Assimilator  
  15  0:50  Pylon  
  15  1:09  Gateway  
  15  1:15  Gateway  
  15  1:30  Cybernetics Core  
  15  1:36  Probe  
  16  1:48  Probe  
  17  1:55  Stalker x2  
  21  2:21  Stalker x2  
  25  2:48  Stalker  
  25  2:50  Shield Battery  
  27  2:53  Adept  
  20  3:28  Probe  
Show
View Real Time Build Order
Export as new Build Order

ByuN Terran 

Build Orders:  

Get SALT Encoding   

  12  0:00  SCV  
  13  0:15  Supply Depot  
  13  0:20  SCV  
  14  0:33  SCV  
  15  0:45  SCV  
  15  0:46  Refinery  
  16  1:00  SCV  
  17  1:12  Barracks  
  17  1:13  Barracks  
  17  1:15  SCV  
  18  1:28  SCV, Refinery  
  19  1:40  Supply Depot  
  19  1:41  SCV  
  20  1:55  SCV  
  20  1:59  Barracks Tech Lab  
  20  2:00  Barracks Tech Lab  
  21  2:12  Supply Depot  
  21  2:19  Marauder  
  23  2:24  Orbital Command  
  25  2:30  Marauder  
  25  2:33  Concussive Shells  
  25  2:41  Marauder  
  25  2:51  Marauder  
  23  3:03  Marauder  
  18  3:16  Marauder  
Tags
 
Matchup
PvT
Replay Pack
kreditionep2
Spawn Locations
Close Positions
Add a new tag
Caveats
  • Supply blocks, unpowered buildings, or Contaminate may cause inaccurate times.
  • Supply counts are checked every 10 seconds.